Map: [ESL] Royal Blood

Players

Aristori - Winner!

  • Race: Zerg Zerg
  • Spawn Location: 7:00

MarsBar

  • Race: Zerg Zerg
  • Spawn Location: 1:00

Event: ESL SC2 Masters 2023 Summer (Finals)

VOD

Have the link to the VOD?

Description

Time

  • Played on: June 16, 2023, 4:41 a.m.
  • Length: 7:22

All games in this series

Show
View Real Time Build Order
Export as new Build Order

Aristori Zerg - Winner!

Build Orders: Pool First 

Get SALT Encoding   

  12  0:17  Spawning Pool  
  11  0:21  Drone  
  11  0:26  Drone  
  13  0:30  Drone  
  14  0:39  Overlord  
  14  1:03  Zergling x2  
  14  1:04  Zergling x2  
  16  1:05  Zergling x2  
  17  1:15  Zergling x2  
  17  1:17  Hatchery  
  17  1:26  Zergling x2  
  18  1:36  Queen  
  18  1:38  Zergling x2  
  21  1:48  Overlord  
  21  2:04  Drone  
  22  2:14  Queen  
  22  2:15  Drone  
  25  2:24  Spine Crawler  
  25  2:25  Drone  
  24  2:32  Queen  
  24  2:33  Drone  
  27  2:42  Drone  
  26  2:49  Drone  
  26  2:50  Drone x2  
  27  2:56  Zergling x2  
  27  2:57  Zergling x2  
  29  3:09  Zergling x8  
  32  3:19  Queen  
  34  3:29  Overlord  
  34  3:30  Drone x2  
  36  3:37  Overlord  
  36  3:46  Extractor, Overlord  
  36  3:48  Drone x2  
  36  3:49  Drone  
  38  4:01  Drone x4  
  42  4:04  Drone  
  43  4:16  Drone x2  
  45  4:25  Evolution Chamber  
  45  4:29  Drone, Roach Warren  
  45  4:30  Drone x3  
  47  4:37  Drone x2  
  49  4:43  Drone  
  50  4:47  Extractor, Lair  
  50  4:48  Extractor  
  48  4:59  Drone x3  
  51  5:12  Drone x3  
  54  5:19  Extractor, Zerg Missile Weapons Level 1  
  54  5:20  Drone  
  54  5:21  Drone x5  
  59  5:38  Overlord x2  
  59  5:39  Overlord x4  
  59  5:45  Glial Reconstitution  
  59  5:50  Evolution Chamber  
  59  5:51  Roach  
  60  5:58  Roach x4  
  60  6:02  Roach  
  70  6:09  Roach x4  
  78  6:16  Roach x3  
  80  6:23  Roach  
  80  6:32  Roach x4  
  88  6:43  Hatchery  
  87  6:49  Roach  
  87  6:50  Roach x2  
  93  7:00  Roach x4  
Show
View Real Time Build Order
Export as new Build Order

MarsBar Zerg 

Build Orders: Hatch First 

Get SALT Encoding   

  12  0:00  Drone  
  13  0:09  Drone  
  14  0:15  Extractor  
  14  0:16  Drone  
  15  0:37  Hatchery  
  14  0:45  Extractor, Drone  
  14  0:58  Spawning Pool  
  14  1:02  Drone  
  14  1:09  Overlord  
  14  1:28  Drone x3  
  17  1:46  Metabolic Boost  
  17  1:47  Zergling x2  
  17  1:50  Zergling x4  
  20  1:58  Queen  
  22  2:03  Zergling x2  
  22  2:05  Zergling x2  
  23  2:20  Zergling x4  
  24  2:33  Zergling x8  
  22  2:45  Zergling x4  
  24  2:55  Overlord  
  24  3:11  Overlord  
  24  3:12  Queen  
  24  3:15  Hatchery  
  24  3:28  Drone x2  
  26  3:38  Drone  
  27  3:51  Drone  
  27  3:54  Queen  
  30  4:02  Hatchery  
  30  4:03  Drone  
  30  4:14  Drone  
  31  4:18  Baneling Nest  
  31  4:24  Drone  
  31  4:33  Drone x4  
  31  4:36  Roach Warren  
  35  4:38  Drone  
  36  4:47  Queen  
  36  4:51  Overlord  
  38  4:54  Drone x2  
  40  5:05  Lair  
  40  5:07  Drone x2  
  42  5:18  Drone x2  
  42  5:19  Drone x3  
  42  5:20  Evolution Chamber  
  46  5:27  Drone x3  
  50  5:35  Extractor  
  50  5:36  Extractor  
  50  5:37  Extractor  
  50  5:38  Drone  
  50  5:39  Drone x3  
  50  5:40  Drone x2  
  53  5:43  Drone  
  53  5:47  Drone x2  
  56  5:59  Overlord  
  56  6:00  Overlord x2  
  56  6:09  Spire, Overlord  
  56  6:10  Overlord  
  55  6:14  Queen  
  54  6:36  Overlord x3  
  54  6:51  Spine Crawler  
  54  6:53  Spine Crawler  
  47  6:55  Spine Crawler  
  47  6:57  Spine Crawler  
  45  7:17  Spine Crawler  
Tags
 
Add a new tag
Caveats
  • Supply blocks, unpowered buildings, or Contaminate may cause inaccurate times.
  • Supply counts are checked every 10 seconds.